[Event "*** SCC Grand Prix: Titled Tuesday Blitz"]
[Site "Chess.com"]
[Date "2020.06.09"]
[Round "6"]
[White "1f3_2g41-0"]
[Black "JulAnt"]
[Result "0-1"]
[WhiteElo "2203"]
[BlackElo "2367"]
[TimeControl "180+1"]
[EndTime "10:07:51 PDT"]
[Termination "JulAnt won by resignation"]

1. e4 c5 2. Nf3 e6 3. d4 cxd4 4. Nxd4 Nf6 5. Nc3 d6 6. Bg5 Be7 7. Qd2 h6 8. Be3 a6 9. O-O-O b5 10. f3 Bb7 11. Kb1 Nbd7 12. g4 Nb6 13. Bd3 Nfd7 14. Nb3 Ne5 15. Rhf1 Nec4 16. Qf2 Nxe3 17. Qxe3 Qc7 18.
f4 Rc8 19. Na5 Nc4 20. Nxc4 bxc4 21. Be2 O-O 22. g5 hxg5 23. fxg5 Qa5 24. h4 Rb8 25. Bxc4 Bc6 26. Bb3 Qe5 27. Qd4 Qxd4 28. Rxd4 g6 29.
Rc4 Rbc8 30. Ba4 Bb7 31. Rxc8 Rxc8 32. Bb3 Kg7 33. a4 Rh8 34. Rf4 Bc8 35. Kc1 f6 36.
gxf6+ Bxf6 37. Kb1 Bxh4 38. Rf3 Bf6 39. Rd3 Be5 40. Ne2 g5 41. Nd4 Re8 42. Nf3 Bf4 43. Nd4 g4 44. Rd1 Kg6 45. Rg1 Kg5 46. Nf3+ Kh5 47.
Rh1+ Kg6 48. Rg1 g3 49. Nh4+ Kg5 50. Nf3+ Kg4 51. Ne1 e5 52. c3 Rh8 53. Bd1+ Kg5 54. Nf3+ Kf6 55. Kc2 Bg4 56. Kd3 Bxf3 57. Bxf3 Rh2 58.
b4 Rf2 59. Kc4 Rxf3 60. b5 axb5+ 61. axb5 Rf2 62. b6 Rb2 63. Rxg3 Bxg3 0-1

[Event "*** SCC Grand Prix: Titled Tuesday Blitz"]
[Site "Chess.com"]
[Date "2020.06.09"]
[Round "6"]
[White "CalinGheorghiu"]
[Black "Unknown_IM"]
[Result "0-1"]
[WhiteElo "2334"]
[BlackElo "2461"]
[TimeControl "180+1"]
[EndTime "10:07:52 PDT"]
[Termination "Unknown_IM won by resignation"]

1. e4 e5 2. Nf3 Nc6 3. Nc3 Nf6 4.
d4 exd4 5. Nxd4 Bb4 6. Nxc6 bxc6 7. Bd3 d5 8. exd5 cxd5 9. O-O O-O 10. h3 c6 11. Qf3 Bd6 12. Bf4 Rb8 13. b3 c5 14.
Rad1 Bb7 15. Bxd6 Qxd6 16. Ne2 Rfe8 17. Qg3 Qc6 18. Nf4 c4 19. bxc4 dxc4 20. Be2 Rbd8 21. Bf3 Qc7 22. Bxb7 Qxb7 23. Qc3 Qe4 24. g3 h6 25.
Rfe1 Rxd1 26. Rxd1 Nh7 27. Rd4 Qb7 28. h4 Qb1+ 29. Kg2 Qxa2 30. Rxc4 Nf6 31. Rc7 Nd5 32.
Qf3 Nxf4+ 33. Qxf4 Qd5+ 34. Kh2 a5 35. c4 Qe6 36. c5 Ra8 37. Rb7 a4 38. Rb8+ Rxb8 39. Qxb8+ Kh7 40. Qb4 Qb3 41. Qe4+ g6 42. c6 a3 43. c7 Qc3 44. Qf4 Kg7 45. Qa4 Qc5 46.
Kg1 Qc1+ 47. Kg2 Qxc7 48. Qxa3 Qe5 49. Qf3 Qf6 50. Qxf6+ Kxf6 51. Kf3 Kf5 52. Kg2 Ke4 53. f3+ Ke3 54. f4 f5 55. h5 gxh5 56. Kh3 Kf3 57. Kh4 Kg2 58. Kxh5 Kxg3 59. Kxh6 Kxf4 60. Kh5 0-1

[Event "*** SCC Grand Prix: Titled Tuesday Blitz"]
[Site "Chess.com"]
[Date "2020.06.09"]
[Round "6"]
[White "NidjatMamedov"]
[Black "LittlePeasant"]
[Result "0-1"]
[WhiteElo "2692"]
[BlackElo "2818"]
[TimeControl "180+1"]
[EndTime "10:07:53 PDT"]
[Termination "LittlePeasant won by resignation"]

1. e4 c5 2. Nf3 e6 3. d4 cxd4 4.
Nxd4 Nc6 5. Nc3 Qc7 6. Be3 a6 7. Qd2 Nf6 8. O-O-O Bb4 9. f3 Ne5 10. Nb3 b5 11. Bd4 Be7 12. Kb1 d6 13. h4 Nc4 14.
Qe1 e5 15. Bf2 Be6 16. Nd5 Nxd5 17. exd5 Bf5 18. Bd3 Bxd3 19. cxd3 Nb6 20. Rc1 Qd8 21. Na5 Nxd5 22. Nc6 Qd7 23. d4 O-O 24. dxe5 dxe5 25. Nxe5 Qf5+ 26. Qe4 Qxe4+ 27. fxe4 Nf4 28. Nc6 Rfe8 29.
g3 Nd3 30. Rc2 Bf6 31. Rd1 Nxf2 32. Rxf2 Rxe4 33. Rd7 h5 34. a3 Rc8 35. Nb4 Bd4 36. Rfxf7 a5 37. Nc2 Be5 38. Rfe7 Re2 39. Nd4 Re1+ 40.
Ka2 Rf8 41. Ne6 Rf2 42. Re8+ Kh7 43. Ng5+ Kg6 44. Re6+ Rf6 45. Rb7 Rxe6 46. Nxe6 Bxg3 47. Rxg7+ Kf6 48. Rxg3 Rxe6 49. Rg5 Re5 50. Rxe5 Kxe5 51. Kb3 Kd4 52. a4 b4 53. Kc2 Kc4 54. b3+ Kd4 55. Kd2 Ke4 56. Ke2 Kf4 57. Kd3 Kg4 58. Kc4 Kxh4 59.
Kb5 Kg3 60. Kxa5 h4 61. Kb5 h3 62. a5 h2 63. a6 h1=Q 64. a7 Qa8 0-1

[Event "*** SCC Grand Prix: Titled Tuesday Blitz"]
[Site "Chess.com"]
[Date "2020.06.09"]
[Round "6"]
[White "Nafania1"]
[Black "aleksandrovaleksei"]
[Result "1-0"]
[WhiteElo "2446"]
[BlackElo "2584"]
[TimeControl "180+1"]
[EndTime "10:07:56 PDT"]
[Termination "Nafania1 won on time"]

1. e4 e5 2. Nf3 Nc6 3. Bb5 a6 4. Ba4 Nf6 5. O-O Be7 6. Re1 b5 7. Bb3 d6 8. c3 O-O 9. d4 Bg4 10.
Be3 Bh5 11. h3 Na5 12. dxe5 dxe5 13. Qxd8 Raxd8 14. Nxe5 Nxe4 15. Bf4 Nc5 16. Bc2 Bd6 17. b4 f6 18. bxc5 Bxe5 19. Bxe5 fxe5 20. Na3 Rd2 21. f3 Rd5 22. Bb3 Nxb3 23. axb3 Rxc5 24. c4 Bf7 25. b4 Rc6 26. cxb5 axb5 27. Nxb5 Re8 28. Rac1 Rc4 29. Rxc4 Bxc4 30. Nc3 Kf7 31. Re4 Bb3 32. Kf2 Re6 33.
Ke3 Ke7 34. Kd2 c6 35. f4 exf4 36. Rxf4 Rd6+ 37. Ke3 Bc2 38. Rd4 Rg6 39. g4 Rh6 40. Kd2 Bg6 41. Rc4 Kd7 42. Na4 Rxh3 43. Nc5+ Kd6 44.
Rd4+ Kc7 45. Rd7+ Kc8 46. Rxg7 Rg3 47. Ne6 Rxg4 48. Kc3 Bf5 49. Rxg4 Bxg4 50. Nd4 Kd7 51. Nc2 h5 52. Ne3 Be6 53. Ng2 Ke7 54. Kd4 Bd5 55. Nf4 Bf3 56. Kc5 h4 57. Ng6+ Kd7 58. Nxh4 1-0

[Event "*** SCC Grand Prix: Titled Tuesday Blitz"]
[Site "Chess.com"]
[Date "2020.06.09"]
[Round "6"]
[White "lachesisQ"]
[Black "vladislavkovalev"]
[Result "1/2-1/2"]
[WhiteElo "3049"]
[BlackElo "2941"]
[TimeControl "180+1"]
[EndTime "10:07:57 PDT"]
[Termination "Game drawn - insufficient material"]

1. d4 Nf6 2. c4 e6 3. Nc3 Bb4 4.
Qc2 b6 5. a3 Bxc3+ 6. Qxc3 Bb7 7. Bg5 h6 8. Bh4 g5 9. Bg3 Ne4 10. Qc2 d6 11. f3 Nxg3 12. hxg3 Nc6 13. O-O-O f5 14. e3 Qf6 15. Ne2 O-O-O 16. Nc3 h5 17.
Qa4 Kb8 18. Be2 h4 19. gxh4 Rxh4 20. Rxh4 gxh4 21. c5 Qg5 22. Bb5 Qxe3+ 23. Kb1 Ne7 24. c6 Ba8 25. d5 Nxd5 26. Nxd5 exd5 27. Qxh4 Re8 28. Rxd5 a6 29. Ba4 b5 30. Bc2 Bxc6 31. Rxf5 Qd2 32. Bb3 Re1+ 33. Ka2 Qc1 34. Be6 Qb1+ 35.
Kb3 Re3+ 36. Kb4 Qe1+ 37. Qxe1 Rxe1 38. Bb3 Ka7 39. Kc3 Re2 40. g4 Re3+ 41. Kc2 Rxf3 42. Rxf3 Bxf3 43. g5 Kb7 44. Bf7 Be4+ 45. Kd2 c5 46. g6 Bxg6 47. Bxg6 Kc6 48. Be4+ d5 49. Bg2 a5 50. Kc3 b4+ 51. Kb3 c4+ 52. Ka4 Kc5 53. Bf1 d4 54. axb4+ axb4 55. b3 d3 56. bxc4 Kxc4 57. Bxd3+ Kxd3 58. Kxb4 1/2-1/2

[Event "*** SCC Grand Prix: Titled Tuesday Blitz"]
[Site "Chess.com"]
[Date "2020.06.09"]
[Round "6"]
[White "topin8"]
[Black "shineatchess"]
[Result "0-1"]
[WhiteElo "2379"]
[BlackElo "2276"]
[TimeControl "180+1"]
[EndTime "10:07:57 PDT"]
[Termination "shineatchess won by checkmate"]

1. e4 e5 2. Nf3 Nc6 3. Bc4 Nf6 4. d3 Be7 5. c3 O-O 6. a4 d5 7. exd5 Nxd5 8. O-O Be6 9. Re1 Qd6 10. Nbd2 f5 11.
Bb3 Bf6 12. Nc4 Qd7 13. Ncxe5 Nxe5 14. Nxe5 Bxe5 15. Rxe5 c6 16. Qe2 Rae8 17. Bd2 Bf7 18. Re1 Rxe5 19. Qxe5 Re8 20. Qd4 Rxe1+ 21. Bxe1 Qe7 22. Kf1 c5 23. Qxd5 Bxd5 24. Bxd5+ Kf8 25. g3 b6 26. Bd2 Qd6 27. c4 g6 28. Kg2 Ke7 29. Bg5+ Kd7 30. Bf4 Qf6 31. b3 Qc3 32. Bg8 Qxd3 33. Bxh7 Qe4+ 34. Kg1 Qb1+ 35. Kg2 Qxb3 36. Bxg6 Qxc4 37. Bxf5+ Kc6 38. Bg4 Qxa4 39. Bf3+ Kb5 40. h4 c4 41. Be5 Qb3 42. h5 c3 43.
Be2+ Ka4 44. Bd3 c2 45. Bxc2 Qxc2 46. Bf4 Qh7 47. g4 b5 48. Kg3 b4 49. g5 b3 50.
h6 b2 51. Kg4 Qg6 52. Bg3 Qe6+ 53. Kh4 b1=Q 54. f4 Qbf5 55. h7 Qg4# 0-1

[Event "*** SCC Grand Prix: Titled Tuesday Blitz"]
[Site "Chess.com"]
[Date "2020.06.09"]
[Round "6"]
[White "Bayernbk"]
[Black "Danesz22"]
[Result "0-1"]
[WhiteElo "2450"]
[BlackElo "2366"]
[TimeControl "180+1"]
[EndTime "10:07:58 PDT"]
[Termination "Danesz22 won by checkmate"]

1. e4 e5 2. Nc3 Nf6 3. Nf3 Nc6 4.
d4 exd4 5. Nxd4 Bb4 6. Nxc6 bxc6 7. Bd3 d5 8. exd5 O-O 9. O-O cxd5 10. Bg5 c6 11.
Qf3 Bd6 12. Ne2 h6 13. Bxf6 Qxf6 14. Qxf6 gxf6 15. Ng3 Be5 16. Rab1 Rb8 17. c3 a5 18. f4 Bd6 19. Nh5 Bc5+ 20. Kh1 Rd8 21. Nxf6+ Kg7 22. Nh5+ Kf8 23. f5 Re8 24. Rf3 Re3 25. Rxe3 Bxe3 26. Re1 Bg5 27. Re2 c5 28. Kg1 c4 29. Bb1 a4 30.
Re1 Rxb2 31. h3 d4 32. cxd4 Bb7 33. f6 Rxg2+ 34. Kf1 Rb2 35. Bf5 Bh4 36. Re7 Rf2+ 37. Kg1 Rxf5 38. Rxb7 Kg8 39. Ng7 Rxf6 40. Ne8 Re6 41.
Nc7 Rc6 42. d5 Rd6 43. Rb8+ Kh7 44. Rb5 Bd8 45. Ne8 Rg6+ 46. Kf2 c3 47. Ke2 Bb6 48. Kd3 Rg3+ 49. Kc2 Bd4 50. d6 Rg2+ 51. Kd3 c2 52. d7 c1=Q 53. d8=Q Qc3+ 54. Ke4 Re2+ 55. Kd5 Re5+ 56.
Kd6 Rxb5 57. Qd7 Qc5# 0-1

[Event "*** SCC Grand Prix: Titled Tuesday Blitz"]
[Site "Chess.com"]
[Date "2020.06.09"]
[Round "6"]
[White "Smile2005"]
[Black "maciek_92"]
[Result "0-1"]
[WhiteElo "2504"]
[BlackElo "2672"]
[TimeControl "180+1"]
[EndTime "10:07:59 PDT"]
[Termination "maciek_92 won on time"]

1. Nf3 f5 2. g3 Nf6 3. Bg2 g6 4.
O-O Bg7 5. d3 O-O 6. Nbd2 Nc6 7.
e4 e5 8. exf5 gxf5 9. Nh4 d6 10.
f4 exf4 11. Rxf4 Bh6 12. Rf1 Ng4 13. Nc4 f4 14. Bf3 Nxh2 15. Kxh2 fxg3+ 16. Kg2 Bxc1 17. Qxc1 Qxh4 18. Rh1 Qf6 19. Qe3 Bf5 20. Raf1 Rae8 21. Be4 Bxe4+ 22. dxe4 Qg6 23. Rxf8+ Rxf8 24. Qxg3 Rf4 25.
Qxg6+ hxg6 26. Nd2 Ne5 27. Rh3 Kg7 28. Rb3 b6 29.
Rc3 c6 30. b4 Kf6 31. Ra3 Ng4 32. Kg3 g5 33. Rxa7 Ne3 34. Rc7 c5 35. Rc6 Ke5 36. bxc5 bxc5 37. a4 Rg4+ 38. Kf3 Rh4 39. Kxe3 g4 40.
a5 Rh3+ 41. Kf2 Rc3 42. Nf1 Rxc2+ 43. Kg3 Kxe4 44. Kxg4 Rg2+ 45. Ng3+ Kd5 46. Rb6 Ra2 47. a6 c4 48. Nf5 Kc5 49. Rxd6 c3 0-1

[Event "*** SCC Grand Prix: Titled Tuesday Blitz"]
[Site "Chess.com"]
[Date "2020.06.09"]
[Round "6"]
[White "Fandorine"]
[Black "Colchonero64"]
[Result "1/2-1/2"]
[WhiteElo "2903"]
[BlackElo "2992"]
[TimeControl "180+1"]
[EndTime "10:08:00 PDT"]
[Termination "Game drawn by agreement"]

1. e4 e6 2. d4 d5 3. Nc3 Nf6 4.
Bg5 dxe4 5. Nxe4 Be7 6. Bxf6 gxf6 7. Nf3 f5 8. Nc3 a6 9. a4 Qd6 10. Qd2 Nd7 11. O-O-O b5 12. Kb1 b4 13. Na2 Bb7 14.
Nc1 Nf6 15. Nb3 Bd5 16. Ne5 Rb8 17. f3 Nd7 18. Nc4 Bxc4 19. Bxc4 Nb6 20. Qe2 Nxa4 21. d5 e5 22. g4 O-O 23. Qd3 f4 24. Qf5 Qg6 25.
Rde1 Qxf5 26. gxf5 Bf6 27. Nd2 Nc5 28. Nb3 Nxb3 29.
cxb3 a5 30. Kc2 Kh8 31. Rhg1 Rg8 32. Kd3 Ra8 33. Bb5 Rad8 34. Bc6 Rxg1 35. Rxg1 Rg8 36. Rxg8+ Kxg8 37. Ke4 Kf8 38. Bb5 Ke7 39. Bc6 Kd6 40. Be8 Ke7 41. Bc6 h6 42. Bb5 Kd6 43. Be8 Ke7 44. Bc6 Bh4 45. Bb5 f6 46. Bc6 Bf2 47. Bb5 Bd4 48. Bc6 Bxb2 49. Ba4 Kd6 50. Bc6 Kc5 51.
Ba4 Bc3 52. Be8 Bd4 53. Ba4 Bg1 54. h3 Bd4 55. Be8 Kd6 56. h4 Bf2 57. h5 Bd4 58. Ba4 Kc5 59. Bc6 Kd6 1/2-1/2

[Event "*** SCC Grand Prix: Titled Tuesday Blitz"]
[Site "Chess.com"]
[Date "2020.06.09"]
[Round "6"]
[White "Lubov_Gordyk"]
[Black "Orest_Vovk"]
[Result "0-1"]
[WhiteElo "2613"]
[BlackElo "2468"]
[TimeControl "180+1"]
[EndTime "10:08:03 PDT"]
[Termination "Orest_Vovk won by checkmate"]

1. e4 g5 2. d4 g4 3. Nc3 Bg7 4. Be3 h5 5. Bc4 d6 6. Nge2 c6 7. a4 Be6 8. Bxe6 fxe6 9. e5 dxe5 10. Ne4 exd4 11. Nxd4 Qd5 12. Nc3 Qxg2 13. Rf1 Bxd4 14.
Qxd4 Nf6 15. O-O-O Nbd7 16. f3 gxf3 17. Rf2 Qg4 18.
Qd3 Ne5 19. Qf1 Nd5 20. Bd4 O-O-O 21. Kb1 Nxc3+ 22. Bxc3 Rxd1+ 23. Qxd1 Rd8 24. Qf1 Qe4 25. Bxe5 Qxe5 26. Rxf3 Qxh2 27. Qe1 Qd6 28. Rd3 Qc7 29. Qxe6+ Kb8 30. Rxd8+ Qxd8 31. Qe5+ Qd6 32. Qxh5 a6 33.
b3 Ka7 34. Qf5 e5 35. Qf3 Qd4 36. c3 e4 37. Qe2 Qxc3 38. Qxe4 Qxb3+ 39. Kc1 Qc3+ 40. Kb1 c5 41. Qe8 Qb4+ 42. Kc2 Qc4+ 43. Kd2 Qd4+ 44. Ke2 c4 45. a5 c3 46. Qg6 Qc4+ 47.
Ke3 Qc5+ 48. Kd3 Qxa5 49. Kc2 Qc5 50. Qe4 a5 51. Qe6 Qd4 52. Kb3 Qb4+ 53. Kc2 Qb2+ 54.
Kd3 Qd2+ 55. Kc4 c2 56. Kb5 c1=Q 57. Qb6+ Kb8 58. Qd6+ Qxd6 59. Ka4 Qdc6+ 60. Kxa5 Q1c3# 0-1

[Event "*** SCC Grand Prix: Titled Tuesday Blitz"]
[Site "Chess.com"]
[Date "2020.06.09"]
[Round "6"]
[White "chessplayer9919"]
[Black "GMaka"]
[Result "1-0"]
[WhiteElo "2523"]
[BlackElo "2348"]
[TimeControl "180+1"]
[EndTime "10:08:03 PDT"]
[Termination "chessplayer9919 won on time"]

1. d4 Nf6 2. c4 g6 3. Nc3 d5 4. cxd5 Nxd5 5. e4 Nxc3 6. bxc3 Bg7 7. Bc4 O-O 8. Ne2 c5 9. O-O Nc6 10. Be3 cxd4 11. cxd4 b6 12. Bd5 Bb7 13. Qa4 Na5 14. Bxb7 Nxb7 15. Rac1 Nd6 16. f3 b5 17. Qb3 Nc4 18. Rfd1 Nxe3 19. Qxe3 Qa5 20. Qb3 Rfc8 21. h3 Qb6 22. Kh2 a5 23. e5 b4 24. f4 a4 25.
Rxc8+ Rxc8 26. Qxa4 e6 27. Qb3 Qb5 28. Rc1 Ra8 29.
Rc4 Bf8 30. Ng3 Qd5 31. Qc2 Be7 32. Ne4 Kg7 33. g4 Ra3 34. f5 gxf5 35. gxf5 exf5 36. Ng3 Rxg3 37. Kxg3 Bg5 38. Qxf5 Qxc4 39. Qxg5+ Kf8 40. Qd8+ Kg7 41. Qf6+ Kg8 42. Qd8+ Kg7 43. d5 Qc3+ 44. Kf4 Qd4+ 45. Kf5 Qd3+ 46. Kf4 Qd4+ 47. Kf3 Qxe5 48. d6 Qd5+ 49. Ke3 Qxa2 50. Qg5+ Kf8 51. Qe7+ Kg7 52. d7 Qb3+ 53. Kf4 Qc4+ 54. Qe4 Qc1+ 55. Qe3 1-0

[Event "*** SCC Grand Prix: Titled Tuesday Blitz"]
[Site "Chess.com"]
[Date "2020.06.09"]
[Round "6"]
[White "cassoulet"]
[Black "JoachimMouhamad"]
[Result "1/2-1/2"]
[WhiteElo "2612"]
[BlackElo "2478"]
[TimeControl "180+1"]
[EndTime "10:08:04 PDT"]
[Termination "Game drawn by repetition"]

1. e4 e5 2. Nf3 Nc6 3. Bc4 Nf6 4.
d3 Be7 5. O-O O-O 6. Nc3 d6 7.
h3 Na5 8. Bb3 c6 9. d4 Qc7 10.
Bg5 Nxb3 11. axb3 h6 12. Bh4 Nh5 13. Nxe5 dxe5 14. Qxh5 exd4 15. Ne2 Bxh4 16. Qxh4 c5 17. Nf4 Qe5 18. Nd3 Qc7 19. Rfe1 b5 20. Nf4 Be6 21.
Qg3 g5 22. Nh5 Qxg3 23. Nxg3 a5 24. Nf1 Rfd8 25. Nd2 a4 26. bxa4 bxa4 27. Ra3 c4 28. Rea1 Rab8 29. Rxa4 Rxb2 30. Nxc4 Rxc2 31. Ne5 d3 32. Rd1 d2 33. Raa1 Bb3 34. Nf3 Rb2 35. Kf1 Bxd1 36. Rxd1 Kg7 37. Ke2 Rb4 38. Nxd2 Rbd4 39.
Ke3 Rd3+ 40. Ke2 R8d4 41. f3 Kf6 42. g3 Kg6 43. Ke1 Re3+ 44. Kf2 Red3 45. Ke2 f6 46. Ke1 h5 47. Ke2 h4 48. g4 Kf7 49. Ke1 Ke6 50. Ke2 Ke7 51. Ke1 Ra3 52. Ke2 Ra2 53. Ke3 Rd7 54. Ke2 Rb2 55. Ke1 Kd8 56. Ke2 Ke7 57.
Ke3 Ke6 58. Ke2 Rd8 59. Ke3 Ra2 60. Ke2 Rd4 61. Ke3 Rd7 62. Ke2 Kf7 63. Ke3 Ke7 64.
Ke2 Ra3 65. Rc1 Ra2 66. Rd1 1/2-1/2

[Event "*** SCC Grand Prix: Titled Tuesday Blitz"]
[Site "Chess.com"]
[Date "2020.06.09"]
[Round "6"]
[White "MFBerna"]
[Black "SergioGarciaFuentes"]
[Result "1-0"]
[WhiteElo "2408"]
[BlackElo "2227"]
[TimeControl "180+1"]
[EndTime "10:08:06 PDT"]
[Termination "MFBerna won on time"]

1. e4 e5 2. Nf3 Nf6 3. d4 Nxe4 4. Bd3 d5 5. Nxe5 Bd6 6. O-O O-O 7. Nd2 Nxd2 8.
Bxd2 Nd7 9. Re1 Nxe5 10. dxe5 Bc5 11. Qh5 g6 12. Qh6 Re8 13. Bg5 Be7 14. Bf6 Bf8 15.
Bxd8 Bxh6 16. Bxc7 Bd7 17. Bd6 Rac8 18. g3 Bg7 19. f4 h5 20. Rad1 Bg4 21. Rd2 Bf8 22. Bxf8 Kxf8 23. c3 Ke7 24. Bb5 Red8 25. Kf2 Bf5 26. Red1 Rc5 27. Be2 Be4 28. Ke3 Rdc8 29. Rd4 Ra5 30. a3 Ke6 31. Bf1 Rac5 32. Bh3+ Bf5 33.
Bxf5+ gxf5 34. Rb4 b6 35. Ra4 R8c7 36. Ra6 Rb5 37.
Rd2 Rb3 38. Kd3 d4 39. Kxd4 Rd7+ 40. Ke3 Rxd2 41. Kxd2 Rxb2+ 42. Ke3 Rxh2 43. Rxa7 Rg2 44. Kf3 Rc2 45. Rc7 Ra2 46. Rc6+ Kd5 47. Rxb6 Rxa3 48. Rf6 Rxc3+ 49. Kg2 h4 50. gxh4 Ke4 51. Rxf7 Kxf4 52. e6 Re3 53. e7 Kg4 54. Rh7 Re2+ 55. Kf1 Re6 56. Kf2 f4 57. h5 Kf5 58. Kf3 Kf6 59.
Rh6+ 1-0

[Event "*** SCC Grand Prix: Titled Tuesday Blitz"]
[Site "Chess.com"]
[Date "2020.06.09"]
[Round "6"]
[White "Gandrade2"]
[Black "HanSchut"]
[Result "1/2-1/2"]
[WhiteElo "2013"]
[BlackElo "2184"]
[TimeControl "180+1"]
[EndTime "10:08:06 PDT"]
[Termination "Game drawn by repetition"]

1. d4 Nf6 2. c4 g6 3. Nc3 d5 4. cxd5 Nxd5 5. Bd2 Bg7 6. e4 Nb6 7. Be3 e5 8. dxe5 Qxd1+ 9. Rxd1 Bxe5 10. Nf3 Bxc3+ 11. bxc3 O-O 12. Be2 Be6 13. O-O Bxa2 14.
Ra1 Bc4 15. Rfe1 Bxe2 16. Rxe2 Nc6 17. Nd4 Ne5 18. Nb5 Nec4 19. Nxc7 Rac8 20. Nb5 a6 21. Bxb6 Nxb6 22. Nd6 Rxc3 23. Nxb7 Rb8 24. Na5 Nc4 25. Nxc4 Rxc4 26. g3 Rb6 27. Kg2 Kg7 28. f3 Rbc6 29. Rea2 Rc2+ 30. Kh3 Rxa2 31. Rxa2 h5 32. Kg2 Kf8 33.
f4 Ke7 34. Kf3 Kd7 35. Ke3 Kc7 36. Kd4 Kb7 37. h3 Rb6 38. Ra3 Rb5 39. g4 hxg4 40.
hxg4 Kb6 41. f5 gxf5 42. exf5 f6 43. Ke4 a5 44. Kf3 Rc5 45. Kf4 Rc4+ 46. Kf3 Kb5 47. Kg3 a4 48. Kh4 Kb4 49. Rg3 a3 50. Kh5 a2 51.
Rg1 Kb3 52. g5 fxg5 53. Kxg5 Rc2 54. Ra1 Kb2 55. Rxa2+ Kxa2 56. f6 Kb3 57. Kg6 Rg2+ 58. Kh7 Rf2 59. Kg7 Kc4 60. f7 Rg2+ 61. Kh8 Rh2+ 62.
Kg7 Rg2+ 63. Kh8 Rh2+ 64. Kg8 Rf2 65. Kg7 Rg2+ 1/2-1/2

[Event "*** SCC Grand Prix: Titled Tuesday Blitz"]
[Site "Chess.com"]
[Date "2020.06.09"]
[Round "6"]
[White "luizwas"]
[Black "tylityli"]
[Result "1/2-1/2"]
[WhiteElo "1815"]
[BlackElo "2255"]
[TimeControl "180+1"]
[EndTime "10:08:08 PDT"]
[Termination "Game drawn - insufficient material"]

1. e4 e5 2. Nf3 Nc6 3. Bc4 Nf6 4. Ng5 d5 5. exd5 Na5 6. Bb5+ c6 7. dxc6 bxc6 8.
Qf3 Be7 9. Bxc6+ Nxc6 10. Qxc6+ Bd7 11. Qf3 O-O 12. O-O Rc8 13. Nc3 Bc6 14. Qg3 h6 15.
Nf3 e4 16. Ne5 Bb7 17. d3 Kh8 18. Qh3 Kh7 19. Nxe4 Nxe4 20. dxe4 Bxe4 21. c3 Qd5 22. Nf3 Bf5 23. Qg3 g5 24. Nd4 Bg6 25. f4 Bd6 26.
Qh3 f6 27. fxg5 fxg5 28. Be3 Be4 29. Qd7+ Kg6 30. Qe6+ Qxe6 31. Nxe6 Rxf1+ 32. Rxf1 Rb8 33. b4 a5 34. a3 axb4 35. axb4 Rc8 36. Bd4 Be7 37.
Nc5 Bd5 38. Re1 Bd6 39. Be5 Re8 40. Bg3 Bxc5+ 41. bxc5 Rxe1+ 42. Bxe1 Kf5 43. Bf2 Ke4 44. Bd4 g4 45. Kf2 h5 46. g3 Bc4 47. Ke1 Bb5 48. Kd2 Bc6 49. Kc2 Kf3 50. Kd3 Kg2 51. Be5 Kxh2 52. Ke3 Kh3 53. Kf4 h4 54. gxh4 Kxh4 55.
Kf5 g3 56. Bxg3+ Kxg3 57. Ke5 Kg4 58. Kd6 Bb7 59. c6 Bc8 60. c4 Kf5 61. Kc7 Be6 62. Kb7 Ke5 63. c5 Kd5 64. Kb6 Bc8 65. c7 Ke6 66. c6 Kd6 67. Kb5 Kxc7 68. Kc5 Bd7 69. cxd7 Kxd7 1/2-1/2

[Event "*** SCC Grand Prix: Titled Tuesday Blitz"]
[Site "Chess.com"]
[Date "2020.06.09"]
[Round "6"]
[White "Pavel_Mir"]
[Black "KhatanbaatarBazar"]
[Result "1/2-1/2"]
[WhiteElo "2304"]
[BlackElo "2464"]
[TimeControl "180+1"]
[EndTime "10:08:09 PDT"]
[Termination "Game drawn - insufficient material"]

1. e4 c5 2. Nf3 d6 3. d4 cxd4 4.
Nxd4 Nf6 5. Nc3 a6 6. f4 e5 7.
Nf3 Nbd7 8. Bc4 Be7 9. a4 O-O 10. O-O exf4 11. Kh1 Nh5 12. Nd5 Ndf6 13. e5 Nxd5 14.
Bxd5 g6 15. c4 dxe5 16. Nxe5 Bd6 17. Nxf7 Rxf7 18. c5 Bc7 19. Bxf4 Nxf4 20. Rxf4 Be6 21. Bxe6 Qxd1+ 22. Rxd1 Bxf4 23. Rf1 Re8 24. Bxf7+ Kxf7 25. Rxf4+ Kg7 26. h3 Rc8 27. Rb4 Rc7 28. Rb6 Kf7 29. b4 Ke7 30. a5 Kd7 31. Kh2 Kc8 32. Kg3 Re7 33. Kg4 Re5 34. g3 Rf5 35. h4 Re5 36. c6 bxc6 37. Rxa6 Kb7 38. Rb6+ Kc7 39. Kf4 Rd5 40. Ke4 h5 41. Kf4 Rf5+ 42. Ke4 Rd5 43. Kf3 Rd4 44. Ke3 Rc4 45. Kf3 Rc3+ 46. Kf4 Rc4+ 47.
Ke5 Rg4 48. Ra6 Kb7 49. Rb6+ Kc7 50. b5 cxb5 51. Rxb5 Rxg3 52. Kf6 Rg4 53. Rg5 Rxh4 54. Kxg6 Rg4 55. Kxh5 Rxg5+ 56. Kxg5 Kc6 57. Kg6 Kb5 58. Kh7 Kxa5 1/2-1/2

[Event "*** SCC Grand Prix: Titled Tuesday Blitz"]
[Site "Chess.com"]
[Date "2020.06.09"]
[Round "6"]
[White "Funo09"]
[Black "BlackBoarder"]
[Result "1/2-1/2"]
[WhiteElo "2809"]
[BlackElo "2655"]
[TimeControl "180+1"]
[EndTime "10:08:11 PDT"]
[Termination "Game drawn - insufficient material"]

1. e4 e6 2. Nc3 d5 3. d4 Bb4 4. e5 Ne7 5. Qg4 c5 6. a3 Qa5 7. Bd2 cxd4 8. Qxd4 Nbc6 9. Qf4 d4 10. Ne4 Bxd2+ 11. Nxd2 Qxe5+ 12. Qxe5 Nxe5 13. Ngf3 N5c6 14. Bb5 O-O 15. O-O e5 16. Rfe1 f6 17. Ne4 Be6 18. Nc5 Bd5 19. Nd2 b6 20. Nce4 Rfd8 21. Rad1 Kf7 22. f4 Rac8 23. Nc4 Bxc4 24. Bxc4+ Kg6 25.
g4 exf4 26. Be6 Rc7 27. h4 h5 28. g5 Ne5 29. Re2 Nf3+ 30. Kh1 Nxh4 31. gxf6 gxf6 32. Rg1+ Kh6 33. Nxf6 Rf8 34. Nd7 Rd8 35. Ne5 Rf8 36.
Nf7+ Kh7 37. Rh2 Neg6 38. Ne5 Rf6 39. Nxg6 Rxg6 40. Bd5 Rxg1+ 41. Kxg1 Rg7+ 42. Kf1 Nf5 43. Rxh5+ Kg6 44. Bf3 Ne3+ 45. Kf2 Kf6 46. Rh4 Ke5 47. Rh5+ Kf6 48. c3 dxc3 49. bxc3 Ng4+ 50. Ke2 Ne5 51.
Be4 Rg3 52. Rf5+ Ke6 53. Rxf4 Rxc3 54. a4 Rc4 55. Ke3 Kd6 56. Rf6+ Ke7 57. Rf5 Kd6 58. a5 bxa5 59. Rf6+ Ke7 60. Ra6 Rc7 61. Bd5 Nc4+ 62. Kd4 Nb6 63. Bb3 Rd7+ 64. Kc5 Rc7+ 65. Kb5 a4 66.
Bxa4 Nxa4 67. Rxa4 Kd6 68. Rd4+ Ke5 69. Rd3 Rb7+ 70.
Ka6 Re7 71. Re3+ Kf6 72. Rxe7 Kxe7 73. Kxa7 1/2-1/2

[Event "*** SCC Grand Prix: Titled Tuesday Blitz"]
[Site "Chess.com"]
[Date "2020.06.09"]
[Round "6"]
[White "GHANDEEVAM2003"]
[Black "Bulldog167"]
[Result "1-0"]
[WhiteElo "2985"]
[BlackElo "2786"]
[TimeControl "180+1"]
[EndTime "10:08:12 PDT"]
[Termination "GHANDEEVAM2003 won on time"]

1. Nf3 Nf6 2. c4 b6 3. g3 c5 4. Bg2 Bb7 5. O-O g6 6. Nc3 Bg7 7. Re1 O-O 8. e4 Nc6 9. d3 d6 10. h3 Nd7 11. Be3 Nde5 12. Qd2 Nxf3+ 13. Bxf3 Qd7 14.
Bg2 Nd4 15. f4 e6 16. Rab1 f5 17. b4 Rae8 18. a4 fxe4 19. dxe4 e5 20. bxc5 dxc5 21.
a5 bxa5 22. Nd5 a4 23. Bxd4 cxd4 24. c5 Rc8 25. Qa5 Bc6 26. Rf1 d3 27. Rbd1 exf4 28. Rxd3 Qe8 29. Rxf4 Be5 30. Rxf8+ Qxf8 31. Qxa7 Ra8 32.
Qb6 Bxd5 33. exd5 Qg7 34. d6 Rf8 35. d7 Bd4+ 36. Kh2 Qf6 37. Qxf6 Bxf6 38. c6 Bd8 39. Ra3 Kf7 40. Rxa4 Ke7 41. Re4+ Kf7 42. Re2 Bc7 43.
Bd5+ Kg7 44. Kg2 Rb8 45. Re7+ Kf6 46. Re8 Rd8 47. Kf3 h5 48. g4 hxg4+ 49. Kxg4 g5 50. Be4 Bb6 51. Kh5 Bc7 52. Kg4 Bb6 53. Kf3 Bc7 54. Ke2 Kf7 55. Bd5+ Kf6 56. Kd3 Kf5 57. Kc4 Kf4 58. Kb5 g4 59. hxg4 Kg5 60. Ka6 Kf6 61.
Kb7 1-0

[Event "*** SCC Grand Prix: Titled Tuesday Blitz"]
[Site "Chess.com"]
[Date "2020.06.09"]
[Round "6"]
[White "TargetA"]
[Black "Jadeit90"]
[Result "1/2-1/2"]
[WhiteElo "2569"]
[BlackElo "2320"]
[TimeControl "180+1"]
[EndTime "10:08:13 PDT"]
[Termination "Game drawn by repetition"]

1. d4 Nf6 2. c4 c5 3. d5 d6 4. Nc3 g6 5. e4 Bg7 6. h3 O-O 7. Nf3 e6 8. Bd3 exd5 9. exd5 Na6 10. O-O Nc7 11. a4 Rb8 12. Bf4 a6 13. a5 b5 14.
axb6 Rxb6 15. Qc2 Rb4 16. Nd2 Ncxd5 17. Bh2 Nxc3 18. bxc3 Rb6 19. Rfd1 Be6 20. Ra5 Qb8 21. Rxc5 Qb7 22. Ra5 Nd7 23. Ne4 Rb2 24. Qc1 Qb6 25. Ra1 d5 26. cxd5 Bxd5 27. Rb1 Rxb1 28. Bxb1 Be6 29.
c4 Rc8 30. Nd6 Rd8 31. Bf4 Nc5 32. Ne4 Rxd1+ 33. Qxd1 Nxe4 34. Bxe4 Bxc4 35. Be3 Qc7 36. Qc2 Be5 37. Qa4 Bb5 38. Qb3 Qe7 39. Qd5 Bd6 40.
g3 Qe5 41. Qa8+ Kg7 42. Kg2 h5 43. h4 Qa1 44. Qd5 Be5 45. Bc5 Bf6 46. Qd8 Bc4 47. Qf8+ Kh7 48. Be3 Bg7 49. Qc5 Bb5 50. Qxh5+ Kg8 51. Qd5 Qf6 52. Bg5 Qe6 53. Qxe6 fxe6 54.
Bxg6 a5 55. Bd2 a4 56. Bb4 Bb2 57. Bb1 a3 58. Ba2 Kf7 59. f4 Kf6 60. Kf3 Bd3 61. g4 Bc2 62. h5 Bd3 63. h6 Kg6 64. g5 Bf5 65. Ke3 Bc1+ 66. Kf3 Bb2 67. Bd2 Bd4 68. Bb4 Bb2 1/2-1/2